Map: Ascension to Aiur LE

Players

NerfopTerran - Winner!

  • Race: Zerg Zerg
  • League: Master
  • Spawn Location: 5:00

Vivid

  • Race: Zerg Zerg
  • League: Master
  • Spawn Location: 11:00

VOD

Have the link to the VOD?

Description

Time

  • Played on: Sept. 6, 2017, 4:39 a.m.
  • Length: 15:18
Show
View Real Time Build Order
Export as new Build Order

NerfopTerran Zerg - Winner!

Build Orders: Pool First 

Get SALT Encoding   

  12  0:01  Drone  
  13  0:13  Overlord  
  13  0:17  Drone  
  14  0:33  Drone x2  
  14  0:35  Drone  
  17  0:42  Extractor  
  17  0:46  Drone  
  17  0:53  Spawning Pool  
  16  0:57  Drone  
  17  1:17  Hatchery  
  16  1:20  Drone  
  16  1:24  Drone  
  18  1:41  Queen  
  18  1:43  Zergling x2  
  18  1:44  Zergling x2  
  22  1:50  Metabolic Boost  
  22  1:57  Overlord  
  22  2:21  Drone x2  
  22  2:22  Queen  
  26  2:31  Drone  
  26  2:32  Drone  
  26  2:34  Queen  
  30  2:42  Drone x2  
  30  2:59  Drone x5  
  30  3:05  Roach Warren  
  34  3:07  Overlord x2  
  34  3:15  Zergling x2  
  35  3:24  Extractor  
  35  3:26  Zergling x6  
  37  3:33  Zergling x2  
  38  3:40  Zergling x2  
  38  3:41  Zergling x6  
  42  3:51  Drone x5  
  49  4:03  Roach x2  
  42  4:23  Roach  
  52  4:24  Roach x4  
  52  4:35  Overlord x4  
  52  4:42  Lair  
  47  4:53  Drone x4  
  47  4:59  Drone x2  
  53  5:12  Drone x3  
  53  5:13  Drone  
  57  5:19  Evolution Chamber  
  56  5:21  Drone  
  56  5:22  Drone x3  
  58  5:36  Queen  
  58  5:40  Extractor  
  58  5:41  Drone x3  
  64  5:43  Roach x3  
  64  5:48  Zerg Missile Weapons Level 1  
  68  5:52  Glial Reconstitution  
  68  6:05  Roach x6  
  80  6:14  Overlord  
  80  6:23  Hatchery  
  79  6:34  Roach x6  
  91  6:51  Overlord  
  91  6:52  Overlord x4  
  91  7:01  Drone  
  92  7:11  Drone x2  
  92  7:12  Drone x5  
  91  7:34  Drone x5  
  94  7:41  Roach  
  94  7:42  Roach x5  
  88  7:57  Roach x6  
  90  8:09  Queen  
  88  8:12  Roach  
  88  8:13  Roach x5  
  88  8:17  Extractor, Zerg Missile Weapons Level 2  
  97  8:20  Ravager x4  
  97  8:21  Roach  
  97  8:23  Roach  
  105  8:30  Roach  
  105  8:31  Roach  
  109  8:46  Roach  
  109  8:47  Roach x4  
  117  8:53  Extractor  
  117  8:54  Extractor, Drone x2  
  117  8:55  Drone  
  118  8:56  Drone x3  
  118  8:57  Drone x3  
  118  8:58  Drone x2  
  124  9:08  Overlord x3  
  124  9:13  Hatchery  
  123  9:26  Roach  
  123  9:27  Roach x11  
  147  9:33  Overseer  
  147  9:42  Overlord  
  147  9:43  Overlord  
  147  9:45  Queen  
  147  9:49  Roach x6  
  158  10:15  Roach x7  
  168  10:26  Roach  
  168  10:27  Roach x3  
  176  10:29  Overlord x2  
  176  10:52  Roach  
  176  10:53  Roach x7  
  176  10:55  Overlord x2  
  192  11:09  Zerg Ground Armor Level 1  
  192  11:22  Spire  
  192  11:25  Roach  
  172  11:26  Roach x16  
  153  11:53  Hatchery  
  148  11:55  Roach  
  148  11:56  Roach x12  
  143  12:13  Roach x5  
  143  12:14  Roach x2  
  157  12:20  Overseer  
  150  12:23  Pneumatized Carapace  
  151  12:30  Hydralisk Den  
  151  12:35  Roach x7  
  151  12:36  Roach x3  
  170  12:42  Ravager  
  170  12:43  Ravager x4  
  173  12:55  Roach x10  
  173  12:56  Roach x2, Overseer  
  197  13:07  Ravager  
  192  13:45  Roach  
  192  13:47  Ravager x3  
  192  13:48  Ravager x3  
  181  14:25  Roach  
  181  14:26  Roach x14  
  175  14:38  Roach x9  
  156  14:39  Roach x3  
  172  14:46  Unknown  
  169  15:01  Ravager  
Show
View Real Time Build Order
Export as new Build Order

Vivid Zerg 

Build Orders: Hatch First, Zergling Baneling 

Get SALT Encoding   

  12  0:01  Drone  
  13  0:11  Overlord  
  13  0:17  Drone  
  14  0:32  Drone  
  14  0:33  Drone  
  16  0:39  Drone  
  17  0:51  Hatchery  
  17  0:56  Drone  
  17  1:02  Drone  
  17  1:04  Extractor  
  17  1:08  Drone  
  18  1:18  Spawning Pool  
  18  1:24  Drone  
  18  1:30  Drone  
  19  1:40  Overlord  
  19  2:05  Queen x2  
  19  2:07  Metabolic Boost  
  23  2:09  Zergling x4  
  25  2:18  Drone  
  25  2:20  Zergling x2  
  25  2:21  Zergling x4  
  29  2:26  Spine Crawler  
  28  2:32  Baneling Nest  
  27  2:41  Spine Crawler  
  25  2:52  Drone x2  
  29  3:02  Drone x3  
  29  3:03  Drone  
  29  3:04  Overlord  
  33  3:14  Drone  
  33  3:15  Drone  
  35  3:28  Baneling  
  35  3:29  Baneling x4  
  35  3:34  Hatchery  
  35  3:36  Zergling x2  
  35  3:42  Overlord  
  35  4:02  Zergling x8  
  39  4:03  Zergling x6  
  41  4:13  Zergling x6  
  43  4:18  Baneling x3  
  43  4:23  Drone  
  44  4:27  Roach Warren, Extractor  
  44  4:29  Drone x2  
  44  4:43  Overlord  
  44  4:45  Queen  
  45  4:52  Drone  
  45  4:53  Drone  
  45  4:56  Drone x4  
  45  4:57  Overlord  
  50  5:05  Evolution Chamber  
  50  5:06  Drone x3  
  52  5:07  Baneling x2  
  52  5:08  Baneling x2  
  52  5:11  Drone x3  
  52  5:12  Drone x2  
  57  5:20  Drone x2  
  59  5:24  Lair  
  59  5:25  Drone  
  59  5:33  Drone x5  
  61  5:36  Overlord  
  61  5:47  Extractor, Zerg Missile Weapons Level 1  
  61  5:48  Drone x2  
  62  6:06  Overlord x2  
  62  6:10  Extractor  
  61  6:17  Overlord x3  
  58  6:26  Roach x7  
  58  6:29  Roach x3  
  58  6:30  Roach  
  78  6:35  Overlord  
  77  6:42  Glial Reconstitution  
  77  6:52  Queen  
  79  6:54  Overlord  
  79  6:57  Drone  
  79  6:58  Drone x2  
  79  6:59  Drone x2  
  79  7:00  Drone x4  
  88  7:02  Roach x3  
  88  7:04  Roach x3  
  88  7:07  Spine Crawler  
  88  7:08  Ravager, Spine Crawler  
  99  7:09  Roach  
  99  7:10  Roach  
  103  7:21  Roach x2  
  101  7:23  Roach  
  101  7:24  Roach x3  
  101  7:29  Roach x3  
  105  7:33  Roach  
  107  7:38  Roach x2  
  107  7:42  Roach x2  
  107  7:43  Zergling x2  
  107  7:44  Zergling x2  
  86  8:06  Drone  
  86  8:07  Drone x3  
  86  8:08  Drone x3  
  92  8:14  Drone x2  
  92  8:17  Zerg Missile Weapons Level 2  
  94  8:20  Drone x3  
  94  8:21  Drone  
  94  8:22  Extractor, Drone x2  
  94  8:23  Drone  
  100  8:36  Overlord  
  100  8:40  Spine Crawler  
  99  8:48  Overlord  
  98  8:50  Overlord x2  
  98  8:51  Roach  
  98  8:52  Roach x4  
  98  8:53  Roach x5  
  116  9:07  Roach  
  116  9:08  Roach x4  
  126  9:11  Hatchery  
  126  9:13  Extractor  
  124  9:21  Roach x5  
  124  9:23  Roach x6  
  146  9:42  Hydralisk Den  
  145  9:55  Roach  
  145  9:56  Roach x7  
  159  10:06  Burrow  
  149  10:22  Muscular Augments  
  149  10:26  Hydralisk  
  149  10:27  Hydralisk x8  
  167  10:36  Overlord x2  
  167  10:37  Overlord  
  167  10:45  Overlord  
  167  10:54  Overlord x3  
  169  10:57  Ravager x2, Overlord  
  169  11:00  Zerg Ground Armor Level 1  
  169  11:04  Overlord  
  169  11:06  Hydralisk  
  169  11:07  Hydralisk x2  
  145  11:26  Hydralisk x8  
  145  11:28  Roach x8  
  153  11:34  Roach  
  153  11:35  Roach x3  
  129  11:43  Roach x2  
  109  11:57  Roach x4  
  103  12:07  Roach x3  
  103  12:11  Roach x4  
  111  12:17  Roach x2  
  115  12:23  Roach x2, Hatchery  
  116  12:30  Queen  
  114  12:40  Roach  
  114  12:41  Roach x5  
  118  13:06  Roach x4  
  118  13:11  Hydralisk x4  
  118  13:12  Hydralisk x3  
  132  13:31  Roach  
  130  13:41  Hydralisk x9  
  148  13:48  Infestation Pit  
  146  13:56  Roach x3  
  146  13:57  Roach x5  
  146  14:02  Overseer  
  160  14:04  Roach x2  
  128  14:27  Roach x7  
  128  14:28  Roach  
  116  14:37  Roach  
  116  14:38  Roach x2  
  79  14:46  Roach  
  79  14:49  Roach x2  
  79  14:50  Roach x2  
Tags
 
Add a new tag
Caveats
  • Supply blocks, unpowered buildings, or Contaminate may cause inaccurate times.
  • Supply counts are checked every 10 seconds.